 Dungeon Crawl Stone Soup version 0.30-a0-1075-gcd70e7a56d (webtiles) character file.

Game seed: 6782662561223377399

70 NateTC the Trooper (level 4, -1/50 HPs)
             Began as an Ogre Gladiator on Apr 14, 2023.
             Slain by Sigmund
             ... wielding a +0 scythe
              (8 damage)
             ... on level 3 of the Dungeon.
             The game lasted 00:02:24 (1422 turns).

NateTC the Trooper (Ogre Gladiator)                 Turns: 1422, Time: 00:02:24

Health: -1/50      AC:  6    Str: 20    XL:     4   Next: 21%
Magic:  4/4        EV: 10    Int:  9    God:
Gold:   180        SH:  0    Dex: 10    Spells: 3/3 levels left

rFire   . . .      SeeInvis .    a - +0 war axe
rCold   . . .      Faith    .    (no shield)
rNeg    . . .      Spirit   .    b - +0 robe
rPois   .          Reflect  .    c - +0 hat
rElec   .          Rampage  .    m - +0 cloak
rCorr   .                        (gloves unavailable)
Will    .....                    (boots unavailable)
Stlth   +                        (no amulet)
HPRegen 0.28/turn                (no ring)
MPRegen 0.09/turn                (no ring)

@: unable to read
A: large, unfitting armour, tough skin 1, claws 1, iridescent scales 1,
screaming 1, inability to read after injury 1
a: no special abilities


You were on level 3 of the Dungeon.
You visited 1 branch of the dungeon, and saw 3 of its levels.

You collected 180 gold pieces.

Inventory:

Hand Weapons
 a - a +0 war axe (weapon)
Missiles
 d - 3 throwing nets (quivered)
 e - a large rock
Armour
 b - a +0 robe (worn)
 c - a +0 hat (worn)
 m - a +0 cloak (worn)
Scrolls
 f - a scroll of amnesia
 i - a scroll of identify
 k - a scroll of torment {unknown}
 o - 2 scrolls of teleportation {unknown}
 p - a scroll of enchant armour {unknown}
Potions
 g - a potion of curing {unknown}
 h - a potion of heal wounds
 j - a potion of brilliance {unknown}
 l - a potion of might {unknown}
 n - a potion of magic {unknown}
 q - a potion of attraction {unknown}


   Skills:
 * Level 5.0 Fighting
 + Level 3.7 Axes
 - Level 2.0 Throwing
 - Level 2.6 Dodging


You had 3 spell levels left.
You didn't know any spells.
Your spell library was empty.

Dungeon Overview and Level Annotations

Branches:
Dungeon (3/15) Zot: 16522

Altars:

Annotations:
D:3 Sigmund


Innate Abilities, Weirdness & Mutations

You are too large for most types of armour.
You have tough skin. (AC +1)
You have sharp fingernails.
You are partially covered in iridescent scales. (AC +2)
You occasionally shout uncontrollably at your foes.
You occasionally lose the ability to read scrolls when taking damage.


Message History

You yell at Sigmund!
Found 17 gold pieces.
Sigmund shouts!
You hear a shout!
Sigmund drinks a potion.
Sigmund flickers and vanishes!
Deactivating autopickup; reactivate with Ctrl-A.
No target in view!
There is a strange disturbance nearby!
No target in view!
There is a strange disturbance nearby!
No target in view!
You see here 17 gold pieces.
You now have 180 gold pieces (gained 17).
A magic dart appears from out of thin air!
The magic dart hits you.
No target in view!
You hear some strange, mumbled words.
Something tries to affect you, but you resist.
You miss something. Something hits you.
You miss something. Something hits you!
You barely miss something. Something hits you.
You closely miss something. Something hits you.
You miss something. You completely miss something. Something hits you.
You closely miss something. Something hits you!
You closely miss something. Something hits you!
You feel threatened and lose the ability to read scrolls!
You slash something!
You hear some strange, mumbled words.
Something tries to affect you, but you resist.
You barely miss something. Your claw misses something.
You hear some strange, mumbled words.
A puff of flame appears from out of thin air!
The puff of flame hits you.
* * * LOW HITPOINT WARNING * * *
You miss something.
You can read scrolls again.
Something hits you!
* * * LOW HITPOINT WARNING * * *
You hit something. Something hits you!
You feel threatened and lose the ability to read scrolls!
You die...

#### #.. #.#
##########.####
#..........{@.#
#####.########.##.#
#.......<......##.#
......#.#########.#
#.###.#.# ##.## #
#.#.########...#######
#{#..........#........
.
#.##########...####.##
.# # #.# ###.### #.#
#.### #


There were no monsters in sight!

Vanquished Creatures
  2 adders (D:2)
  6 dart slugs
  2 endoplasms (D:1)
  2 giant cockroaches
  4 hobgoblins
  2 jackals (D:1)
  2 ball pythons
  3 bats (D:1)
  4 frilled lizards
  6 goblins
  3 kobolds
  4 rats
40 creatures vanquished.

Notes
Turn   | Place    | Note
-------+----------+-------------------------------------------
     0 | D:1      | NateTC the Ogre Gladiator began the quest for the Orb.
     0 | D:1      | Reached XP level 1. HP: 22/22 MP: 1/1
    72 | D:1      | Reached skill level 3 in Fighting
   194 | D:1      | Reached XP level 2. HP: 28/31 MP: 2/2
   304 | D:1      | Reached skill level 4 in Fighting
   422 | D:1      | Reached XP level 3. HP: 39/39 MP: 3/3
   663 | D:2      | Gained mutation: You are partially covered in iridescent
                  | scales. (AC +2) [potion of mutation]
   663 | D:2      | Gained mutation: You occasionally shout uncontrollably at
                  | your foes. [potion of mutation]
   663 | D:2      | Gained mutation: You occasionally lose the ability to read
                  | scrolls when taking damage. [potion of mutation]
   663 | D:2      | Gained mutation: You have sharp fingernails. [potion of
                  | mutation]
  1168 | D:2      | Reached XP level 4. HP: 29/49 MP: 4/4
  1281 | D:3      | Reached skill level 5 in Fighting
  1389 | D:3      | Noticed Sigmund
  1422 | D:3      | Slain by Sigmund

Illustrated notes

Levels and vault maps discovered:
D:1:      minmay_arrival_plants_in_alcoves, layout_rooms, minmay_misc_feat_room,
          minmay_tromino_i2
D:2:      layout_rooms
D:3:      layout_loops_ring, st_stairs_8, uniq_sigmund

Skill      XL: |  1  2  3  4 |
---------------+-------------+-----
Fighting       | 3 4 5 |  5.0
Axes           | |  3.7
Throwing       | |  2.0
Dodging        | |  2.6

Action                     |  1- 3 |  4- 6 || total
---------------------------+-------+-------++-------
  Melee: War axe           |   137 |    25 ||   162
         Punch             |     3 |       ||     3
    Use: Scroll            |     4 |       ||     4
         Potion            |     1 |       ||     1
 Armour: Robe              |    65 |     5 ||    70
  Dodge: Dodged            |    84 |     8 ||    92

Table legend: (Time is in decaauts)
 A = Elapsed time spent in this place.
 B = Non-inter-level travel time spent in this place.
 C = Inter-level travel time spent in this place.
 D = Time resting spent in this place.
 E = Time spent auto-exploring this place.
 F = Levels seen in this place.
 G = Mean time per level.
                   A        B        C        D        E       F      G
               +--------+--------+--------+--------+--------+-----+--------+
         Total |   1475 |   1418 |     57 |     98 |    923 |   3 |  491.7 |
       Dungeon |   1475 |   1418 |     57 |     98 |    923 |   3 |  491.7 |
               +--------+--------+--------+--------+--------+-----+--------+

Top non-repeatable levels by time:
     D:1: 665 daAuts
     D:2: 651 daAuts
     D:3: 159 daAuts
